 Dungeon Crawl Stone Soup version 0.28-a0-533-g9f97627e2a (webtiles) character file.

Game seed: 13233453588911576523

235 heikuro the Chopper (level 5, 0/47 HPs)
             Began as a Minotaur Fighter on Sept 25, 2021.
             Was an Initiate of Nemelex Xobeh.
             Slain by an orc wizard (3 damage)
             ... on level 3 of the Dungeon.
             The game lasted 00:03:33 (3028 turns).

heikuro the Chopper (Minotaur Fighter)              Turns: 3028, Time: 00:03:34

Health: 0/47       AC:  7    Str: 22    XL:     5   Next: 76%
Magic:  4/4        EV:  9    Int:  5    God:    Nemelex Xobeh [......]
Gold:   87         SH:  0    Dex:  9    Spells: 4/4 levels left

rFire   . . .      SeeInvis .   a - +0 war axe
rCold   . . .      Faith    .   c - +0 buckler
rNeg    . . .      Spirit   .   b - +0 scale mail
rPois   .          Reflect  .   (helmet restricted)
rElec   .          Harm     .   (no cloak)
rCorr   .          Rampage  .   (no gloves)
Will    .....                   (no boots)
Stlth   ..........              (no amulet)
HPRegen 0.15/turn               k - ring of flight
MPRegen 0.09/turn               (no ring)

@: confused, flying
A: horns 2, retaliatory headbutt
a: Renounce Religion, Draw Escape, Draw Destruction, Draw Summoning


You were on level 3 of the Dungeon.
You worshipped Nemelex Xobeh.
Nemelex Xobeh was noncommittal.
You visited 1 branch of the dungeon, and saw 3 of its levels.

You collected 87 gold pieces.

Inventory:

Hand Weapons
 a - a +0 war axe (weapon)
 q - a +2 flail of protection
Missiles
 f - 17 poisoned darts (quivered)
 l - 3 boomerangs of dispersal
Armour
 b - a +0 scale mail (worn)
 c - a +0 buckler (worn)
Jewellery
 k - a ring of flight (left hand)
Wands
 m - a wand of flame (11)
Scrolls
 h - a scroll of brand weapon {unknown}
 i - a scroll of identify {unknown}
 n - a scroll of noise {unknown}
 p - a scroll of fear {unknown}
Potions
 d - a potion of might
 e - a potion of flight {unknown}
 g - 4 potions of curing {unknown}
 j - 2 potions of cancellation {unknown}
 o - a potion of magic {unknown}


   Skills:
 + Level 4.8 Fighting
 * Level 5.2 Axes
 + Level 4.8 Armour
 - Level 4.0 Shields
 + Level 1.3 Invocations


You had 4 spell levels left.
You didn't know any spells.
Your spell library contained the following spells:

 Spells                   Type           Power      Damage    Failure   Level
 Ensorcelled Hibernation  Hex/Ice        0%         N/A       89%         2
 Spider Form              Tmut/Pois      0%         N/A       98%         3


Dungeon Overview and Level Annotations

Branches:
Dungeon (3/15)

Altars:
Nemelex Xobeh

Annotations:
D:3 1 exclusion


Innate Abilities, Weirdness & Mutations

You have a pair of horns on your head.
You reflexively headbutt those who attack you in melee.


Message History

The magic dart hits you.
* * * LOW HITPOINT WARNING * * *
You miss something. Something hits you.
* * * LOW HITPOINT WARNING * * *
You slash something! Your headbutt misses something.
Something hits you but does no damage.
You hit something. You block something's attack.
You barely miss something. Your headbutt misses something. Something hits you.
* * * LOW HITPOINT WARNING * * *
Something completely misses you.
You miss something. Your headbutt misses something.
You block something's attack.
You hit something but do no damage. Your headbutt misses something.
You hear some strange, mumbled words.
Something tries to affect you, but you resist.
Your scale mail prevents you from hitting something.
You hear some strange, mumbled words.
A magic dart appears from out of thin air!
The magic dart hits you.
* * * LOW HITPOINT WARNING * * *
You barely miss something. Something hits you.
* * * LOW HITPOINT WARNING * * *
You miss something. Your headbutt misses something. Something hits you.
* * * LOW HITPOINT WARNING * * *
Something hits you but does no damage.
You barely miss something. Your headbutt misses something.
Something hits you but does no damage.
You miss something. Your headbutt misses something.
Something hits you but does no damage.
Unknown command.
You barely miss something. Something hits you but does no damage.
Unknown command.
You closely miss something.
You hear some strange, mumbled words.
You are confused.
Something hits you but does no damage.
Unknown command.
You bump into the rock wall.
Something hits you.
You die...
Your body disappears without a glow.

######......#
#...........#
#..#.###.#..#####
#.......)).......
#..#.###)#.......
#..#.#(#.#รท######
#..#.###.#).g.g..
##........[..#####
#@{.#.###.#.....g.
#.#..........#####
#.#.#..#####.#
#.#.##.# #.#
...##.#.##.# #.#
...........# #.#
...##.#)#### ..#
#.#.### .# #.....#


There were no monsters in sight!

Vanquished Creatures
  An orc priest (D:3)
  An orc wizard (D:3)
  Robin (D:3)
  5 gnolls
  2 adders (D:2)
  4 worms
  2 dart slugs
  4 orcs (D:3)
  8 endoplasms
  4 giant cockroaches
  12 goblins
  7 hobgoblins
  4 jackals (D:1)
  A quokka (D:2)
  9 ball pythons
  5 bats
  2 frilled lizards
  6 kobolds
  3 rats
81 creatures vanquished.

Notes
Turn   | Place    | Note
-------+----------+-------------------------------------------
     0 | D:1      | heikuro the Minotaur Fighter began the quest for the Orb.
     0 | D:1      | Reached XP level 1. HP: 19/19 MP: 0/0
    58 | D:1      | Reached XP level 2. HP: 14/27 MP: 1/1
   365 | D:1      | Reached skill level 3 in Axes
   747 | D:1      | Found a faded altar of an unknown god.
   763 | D:1      | Reached XP level 3. HP: 24/33 MP: 2/2
  1721 | D:2      | Reached XP level 4. HP: 26/40 MP: 3/3
  1801 | D:2      | Reached skill level 4 in Axes
  2577 | D:3      | Found a sparkling altar of Nemelex Xobeh.
  2721 | D:3      | Became a worshipper of Nemelex Xobeh the Trickster
  2748 | D:3      | Noticed Robin
  2792 | D:3      | Killed Robin
  2813 | D:3      | Reached XP level 5. HP: 36/47 MP: 4/4
  2965 | D:3      | Reached skill level 1 in Invocations
  2988 | D:3      | Reached skill level 5 in Axes
  3023 | D:3      | HP: 2/47 [something (1)]
  3028 | D:3      | Slain by an orc wizard

Illustrated notes

Levels and vault maps discovered:
D:1:      onia_arrival_mini_maze_b, layout_basic,
          hellmonk_ecumenical_altar_crossroads, roderic_three_in_a_row,
          minmay_tetromino_t4
D:2:      layout_basic
D:3:      layout_loops_ring, nemelex_xobeh_ov_fountains_minmay, tgw_trog,
          mainiacjoe_overflow_alcove_2, minmay_surrounded, uniq_robin

Skill      XL: |  1  2  3  4  5 |
---------------+----------------+-----
Axes           | 3 4 5 |  5.2
Fighting       | 4 |  4.8
Armour         | 4 |  4.8
Shields        | 4 |  4.0
Invocations    | 1 |  1.3

Action                   |  1- 3 |  4- 6 || total
-------------------------+-------+-------++-------
Melee: War axe           |    88 |   105 ||   193
       Headbutt          |    15 |    16 ||    31
Armor: Scale mail        |    44 |    44 ||    88
Dodge: Dodged            |    38 |    42 ||    80
Block: Buckler           |    15 |    25 ||    40

Table legend: (Time is in decaauts)
 A = Elapsed time spent in this place.
 B = Non-inter-level travel time spent in this place.
 C = Inter-level travel time spent in this place.
 D = Time resting spent in this place.
 E = Time spent auto-exploring this place.
 F = Levels seen in this place.
 G = Mean time per level.
                   A        B        C        D        E       F      G
               +--------+--------+--------+--------+--------+-----+--------+
         Total |   3086 |   2921 |    165 |    510 |   1790 |   3 | 1028.7 |
       Dungeon |   3086 |   2921 |    165 |    510 |   1790 |   3 | 1028.7 |
               +--------+--------+--------+--------+--------+-----+--------+

Top non-repeatable levels by time:
     D:1: 1309 daAuts
     D:2: 1083 daAuts
     D:3: 694 daAuts
